 Dungeon Crawl Stone Soup version 0.30-a0-782-ge64f9170bb (webtiles) character file.

Game seed: 15719373424519103506

26135 kingofthe the Nimble (level 12, -24/59 HPs)
             Began as a Deep Elf Conjurer on Feb 19, 2023.
             Was an Elder of Sif Muna.
             Killed from afar by Azrael (28 damage)
             ... with damnation
             ... on level 12 of the Dungeon.
             The game lasted 01:57:12 (14882 turns).

kingofthe the Nimble (Deep Elf Conjurer)           Turns: 14882, Time: 01:57:13

Health: -24/59     AC: 16    Str:  9    XL:     12   Next: 95%
Magic:  23/28      EV: 26    Int: 27    God:    Sif Muna [****..]
Gold:   788        SH:  0    Dex: 19    Spells: 1/32 levels left

rFire   + . .      SeeInvis .    a - staff of conjuration {!a!a}
rCold   . . .      Faith    .    (no shield)
rNeg    . . .      Spirit   .    x - +2 robe {rC+}
rPois   .          Reflect  .    I - +2 helmet {rF+}
rElec   .          Harm     .    n - +0 cloak
rCorr   .          Rampage  .    p - +1 pair of gloves
Will    ++...                    v - +1 pair of boots "Jauq" {rC- Will+ Str+5}
Stlth   +++++                    q - amulet of magic regeneration
HPRegen 0.29/turn                T - +4 ring of protection
MPRegen 0.61/turn                H - ring of the Unstoppable Eyes {EV+5 Dex+4}

@: no status effects
A: no striking features
a: Renounce Religion, Channel Magic, Forget Spell, Divine Exegesis


You were on level 12 of the Dungeon.
You worshipped Sif Muna.
Sif Muna was greatly pleased with you.
You visited 6 branches of the dungeon, and saw 19 of its levels.

You collected 1035 gold pieces.
You spent 247 gold pieces at shops.


   Skills:
 * Level 13.5 Dodging
 + Level 10.2 Stealth
 + Level 10.5 Spellcasting
 + Level 10.3 Conjurations
 + Level 10.7 Hexes
 * Level 7.3 Fire Magic
 + Level 4.1 Air Magic
 - Level 3.0 Poison Magic
 - Level 7.0 Invocations


You had one spell level left.
You knew the following spells:

 Your Spells              Type           Power      Damage    Failure   Level
a - Magic Dart            Conj           100%       1d8       1%          1
b - Sticky Flame          Conj/Fire      75%        2d9       1%          4
c - Mephitic Cloud        Conj/Pois/Air  62%        N/A       1%          3
d - Dazzling Flash        Conj/Hex       100%       N/A       1%          3
e - Cause Fear            Hex            32%        N/A       1%          4
f - Fulminant Prism       Conj/Hex       41%        3d19      1%          4
h - Hailstorm             Conj/Ice       58%        3d13      1%          3
F - Flame Wave            Conj/Fire      75%        2d17      1%          4
X - Arcjolt               Conj/Air       34%        1d44      6%          5

Your spell library contained the following spells:

 Spells                   Type           Power      Damage    Failure   Level
 Ensorcelled Hibernation  Hex/Ice        86%        N/A       1%          2
 Poisonous Vapours        Pois/Air       66%        N/A       1%          2
 Searing Ray              Conj           100%       2d8       1%          2
 Inner Flame              Hex/Fire       58%        N/A       1%          3
 Cigotuvi's Dreadful Rot  Necr/Pois/Air  54%        N/A       2%          2
 Swiftness                Air            36%        N/A       2%          3
 Iskenderun's Mystic Bla  Conj/Tloc      58%        2d12      4%          4
 Vhi's Electric Charge    Tloc/Air       50%        N/A       5%          3
 Passwall                 Tmut/Erth      11%        N/A       6%          2
 Olgreb's Toxic Radiance  Pois           30%        N/A       12%         4
 Irradiate                Conj/Tmut      29%        3d21      14%         5
 Blade Hands              Tmut           7%         N/A       75%         5
 Discord                  Hex            32%        N/A       97%         8
 Dragon Form              Tmut           7%         N/A       100%        7
 Ozocubu's Refrigeration  Ice            7%         4d9       100%        7
 Ignition                 Fire           26%        3d9       100%        8
 Maxwell's Capacitive Co  Air            18%        ∞         100%        8

Inventory:

Hand Weapons
 b - a +2 vampiric hand axe
Armour
 n - a +0 cloak (worn)
 p - a +1 pair of gloves (worn)
 t - a +0 pair of boots
 v - the +1 pair of boots "Jauq" (worn) {rC- Will+ Str+5}
   (You found it on level 4 of the Dungeon)

   Str:       It affects your strength (+5).
   rC:        It makes you vulnerable to cold.
   Will:      It increases your willpower.
 x - a +2 robe of cold resistance (worn)
 F - a +2 robe of fire resistance
 I - a +2 helmet of fire resistance (worn)
 K - a +0 troll leather armour
Magical Staves
 a - a staff of conjuration (weapon) {!a!a}
Jewellery
 q - an amulet of magic regeneration (around neck)
 w - a ring of willpower
 C - a ring of ice
 D - a +6 ring of dexterity
 H - the ring of the Unstoppable Eyes (right hand) {EV+5 Dex+4}
   (You found it on level 8 of the Dungeon)

   [ring of evasion]

   EV:        It affects your evasion (+5).
   Dex:       It affects your dexterity (+4).
 L - a ring of flight
 R - a ring of resist corrosion
 S - an amulet of the acrobat
 T - a +4 ring of protection (left hand)
 W - a ring of willpower
Wands
 E - a wand of digging (5)
Scrolls
 k - 2 scrolls of identify {@r1@r1}
 l - a scroll of summoning
 r - 5 scrolls of teleportation {@r2@r2}
 z - a scroll of magic mapping
 B - a scroll of fog
 G - 3 scrolls of blinking
 M - a scroll of vulnerability
 O - 2 scrolls of fear
 Q - 2 scrolls of poison
Potions
 c - 9 potions of curing {@q1@q1}
 i - 5 potions of heal wounds {@q2@q2}
 j - 3 potions of magic
 m - 3 potions of haste {@q3@q3}
 o - 2 potions of cancellation
 N - 2 potions of might
 V - 2 potions of resistance
 X - a potion of flight
Miscellaneous
 h - a box of beasts

Dungeon Overview and Level Annotations

Branches:
Dungeon (12/15)            Temple (1/1) D:7            Lair (3/5) D:11
  Swamp (1/4) Lair:2        Snake (1/4) Lair:2          Orc (1/2) D:9

Altars:
Ashenzari
Cheibriados
Dithmenos
Elyvilon
Fedhas
Gozag
Hepliaklqana
Kikubaaqudgha
Makhleb
Nemelex Xobeh
Okawaru
Qazlal
Ru
Sif Muna
Trog
Uskayaw
Vehumet
Wu Jian
Xom
Yredelemnul
Zin
The Shining One

Shops:
D:5 *

Annotations:
D:10 exclusion: downstairs
D:12 Azrael
Snake:1 Mlioglotl

... #.....
###
......##.
......... ##
.........#.
..†°....#.##
...........#
..○°.○h..<#
...†R....@#
.........<#
........#.#
.........#.#
......... ##
.......#.#
........##
#.......


You could see Azrael and a hell hound (catching breath).


Message History

You conjure a prism of explosive energy!
A fulminant prism comes into view.
A hell hound comes into view.
The hell hound bites your fulminant prism.
Azrael gestures at you.
The fireball explodes!
The fireball engulfs you! You resist.
You take 10 damage, and have 36/59 hp.
You now have 20/28 mp.
The hell hound bites your fulminant prism.
Your fulminant prism crackles loudly.
The hell hound bites your fulminant prism but does no damage.
Your fulminant prism explodes!
The blast of energy engulfs Azrael.
Azrael is moderately wounded.
The blast of energy engulfs the hell hound!!
You kill the hell hound!
Sif Muna accepts your kill.
The blast of energy engulfs the fire elemental!
You destroy the fire elemental!
Sif Muna accepts your kill.
The blast of energy engulfs the hell hound!!
The hell hound is severely wounded.
Azrael gestures at you.
The sphere of damnation explodes!
The damnation engulfs you!!
Ouch! That really hurt!
* * * LOW HITPOINT WARNING * * *
You take 33 damage, and have 4/59 hp.
MASSIVE DAMAGE!!
The hell hound breathes flames at you. The blast of flame misses you.
Azrael gestures at you.
The sphere of damnation explodes!
The damnation engulfs you!!
You die...

Skill      XL: |  1  2  3  4  5  6  7  8  9 10 11 12 |
---------------+-------------------------------------+-----
Spellcasting   | 4 5 6 7 8 9 10 | 10.5
Dodging        | 3 4 5 6 7 9 11 12 13 | 13.5
Conjurations   | 5 6 7 8 9 10 | 10.3
Hexes          | 1 2 3 4 6 9 10 | 10.7
Stealth        | 3 4 5 6 8 9 10 | 10.2
Poison Magic   | 1 3 |  3.0
Fire Magic     | 3 4 5 7 |  7.3
Air Magic      | 1 3 4 |  4.1
Invocations    | 5 7 |  7.0

Action                     |  1- 3 |  4- 6 |  7- 9 | 10-12 || total
---------------------------+-------+-------+-------+-------++-------
  Melee: Staff             |       |       |     1 |       ||     1
   Cast: Magic Dart        |    69 |    73 |    77 |   139 ||   358
         Searing Ray       |     1 |    17 |    44 |     4 ||    66
         Mephitic Cloud    |       |       |    17 |    41 ||    58
         Hailstorm         |       |       |    27 |    54 ||    81
         Flame Wave        |       |       |     9 |    36 ||    45
         Fulminant Prism   |       |       |     7 |   102 ||   109
         Dazzling Flash    |       |       |     1 |     1 ||     2
         Sticky Flame      |       |       |       |    20 ||    20
         Cause Fear        |       |       |       |     4 ||     4
 Invoke: Channel Magic     |       |       |       |     1 ||     1
         Forget Spell      |       |       |       |     1 ||     1
    Use: Scroll            |       |     2 |    11 |    17 ||    30
         Potion            |       |     1 |       |       ||     1
 Armour: Robe              |       |     6 |    24 |    43 ||    73
  Dodge: Dodged            |       |    25 |    57 |   169 ||   251

Levels and vault maps discovered:
D:1:      lemuel_arrival_cross, layout_rooms, chequers_ecumenical_altar_island,
          minmay_ruptured
D:2:      layout_rooms, minmay_cupped, uniq_crazy_yiuf_cottage
D:3:      layout_basic, mainiacjoe_overflow_tiny_flanked
D:4:      layout_basic, mainiacjoe_overflow_cross_hatched
D:5:      layout_gridville, nicolae_shop_fire_sale [nicolae_sub_dead_trees]
D:6:      layout_loops_corners, makhleb_blood_cavern_becter,
          kennysheep_slug_shrine, okawaru_ov_weapons_minmay,
          gammafunk_ghost_stat_death
D:7:      layout_gridville, lemuel_mausoleum_altar_yredelemnul,
          mainiacjoe_overflow_catch_the_wave, minmay_temple_entry_glassed_door,
          serial_glass, glass_columns_a, glass_columns_c, uniq_menkaure,
          uniq_pikel
D:8:      layout_loops_cross, nicolae_dithmenos_through_a_glass_darkly,
          kennysheep_generic_room_8
D:9:      layout_stronghold, grunt_temple_overflow_forces_of_nature,
          hiddenorc2_lemuel
D:10:     layout_loops_corners, palyth_stone_intersect, uniq_erolcha
D:11:     layout_irregular_city, dpeg_oklobed_lair, uniq_fannar
D:12:     layout_big_octagon, nicolae_uskayaw_dance_hall, uniq_psyche,
          uniq_azrael
Temple:   hellmonk_temple_divided_pantheon
Lair:1:   layout_regular_city
Lair:2:   layout_cave_shapes, swamp_mist, dummy_snake_entry, grunt_megastairs_3,
          infiniplex_staircase_pool_2
Lair:3:   hellmonk_ruined_rings, layout_loops_ring,
          nicolae_quartered_pool_medium, uniq_kirke
Swamp:1:  layout_basic_swamp, evilmike_swamp_ruin_house_4
Snake:1:  nicolae_snakescales, layout_onion_interference, serial_shops,
          nicolae_shop_behind_doors, st_stairs_6, uniq_mlioglotl
Orc:1:    layout_caves, uniq_josephine

Notes
Turn   | Place    | Note
-------+----------+-------------------------------------------
     0 | D:1      | kingofthe the Deep Elf Conjurer began the quest for the
                  | Orb.
     0 | D:1      | Reached XP level 1. HP: 10/10 MP: 6/6
   179 | D:1      | Reached skill level 4 in Spellcasting
   179 | D:1      | Reached XP level 2. HP: 15/15 MP: 7/9
   228 | D:1      | Found a faded altar of an unknown god.
   295 | D:1      | Learned a level 2 spell: Searing Ray
   815 | D:2      | Reached XP level 3. HP: 19/19 MP: 6/10
   869 | D:2      | Reached skill level 3 in Dodging
  1174 | D:2      | Reached XP level 4. HP: 24/24 MP: 9/12
  1229 | D:2      | Reached skill level 5 in Conjurations
  1603 | D:2      | Found a runed translucent door.
  1604 | D:2      | Noticed Crazy Yiuf
  1793 | D:3      | Reached skill level 4 in Dodging
  1931 | D:3      | Found a glowing golden altar of the Shining One.
  2263 | D:4      | Noticed a scorpion
  2272 | D:4      | Killed a scorpion
  2273 | D:4      | Reached XP level 5. HP: 28/28 MP: 10/14
  2286 | D:4      | Found a hazy altar of Hepliaklqana.
  2417 | D:4      | Identified the +1 pair of boots "Jauq" {rC- Will+ Str+5}
  2536 | D:4      | Learned a level 4 spell: Fulminant Prism
  2658 | D:4      | Noticed a black bear
  2667 | D:4      | Killed a black bear
  2668 | D:4      | Reached skill level 5 in Spellcasting
  2668 | D:4      | Reached skill level 1 in Hexes
  2668 | D:4      | Reached XP level 6. HP: 32/32 MP: 8/15
  2817 | D:4      | Reached skill level 5 in Dodging
  3217 | D:5      | Entered Level 5 of the Dungeon
  3222 | D:5      | Reached skill level 6 in Conjurations
  3321 | D:5      | Noticed a water moccasin
  3349 | D:3      | Killed a water moccasin
  3350 | D:3      | Reached skill level 3 in Stealth
  3350 | D:3      | Reached skill level 2 in Hexes
  3500 | D:5      | Learned a level 3 spell: Mephitic Cloud
  3562 | D:5      | Found Ciqos's Fire Supplies.
  3589 | D:5      | Reached XP level 7. HP: 36/36 MP: 14/17
  3837 | D:5      | Got the Incunabulum of the Barrage
  3842 | D:5      | Learned a level 3 spell: Hailstorm
  3897 | D:5      | Reached skill level 6 in Dodging
  3897 | D:5      | Reached skill level 1 in Poison Magic
  4007 | D:6      | Reached skill level 4 in Stealth
  4129 | D:6      | Found a transporter.
  4132 | D:6      | Noticed Orangeyouglad's ghost (novice HuMo)
  4185 | D:6      | Reached skill level 6 in Spellcasting
  4185 | D:6      | Reached skill level 3 in Hexes
  4224 | D:6      | Learned a level 3 spell: Dazzling Flash
  4228 | D:6      | Reached skill level 7 in Conjurations
  4279 | D:6      | Found an iron altar of Okawaru.
  4325 | D:6      | Reached XP level 8. HP: 41/41 MP: 16/19
  4464 | D:6      | Found a burning altar of Makhleb.
  4523 | D:6      | Found a snail-covered altar of Cheibriados.
  4531 | D:6      | Found a transporter.
  4561 | D:6      | Reached skill level 2 in Poison Magic
  4596 | D:6      | Learned a level 2 spell: Cigotuvi's Dreadful Rot
  4801 | D:6      | Reached skill level 7 in Dodging
  5133 | D:7      | Found a white marble altar of Elyvilon.
  5174 | D:7      | Reached skill level 4 in Hexes
  5338 | D:7      | Noticed Pikel
  5469 | D:6      | Killed Pikel
  5470 | D:6      | Reached skill level 5 in Stealth
  5470 | D:6      | Reached skill level 7 in Spellcasting
  5470 | D:6      | Reached skill level 8 in Conjurations
  5470 | D:6      | Reached skill level 3 in Poison Magic
  5470 | D:6      | Reached XP level 9. HP: 45/45 MP: 5/21
  5516 | D:6      | Identified 2 potions of resistance
  5524 | D:6      | Learned a level 4 spell: Flame Wave
  5569 | D:7      | Reached skill level 8 in Dodging
  5569 | D:7      | Reached skill level 1 in Fire Magic
  5729 | D:7      | Reached skill level 5 in Hexes
  5763 | D:7      | Reached skill level 2 in Fire Magic
  5861 | D:7      | Found a staircase to the Ecumenical Temple.
  5865 | Temple   | Entered the Ecumenical Temple
  5865 | Temple   | Found a transporter.
  5865 | Temple   | Found a transporter.
  5867 | Temple   | Found a transporter.
  5867 | Temple   | Found a transporter.
  5883 | Temple   | Became a worshipper of Sif Muna the Loreminder
  6049 | D:7      | Noticed Menkaure
  6056 | D:7      | Killed Menkaure
  6057 | D:7      | Reached skill level 6 in Stealth
  6241 | D:7      | Found a shimmering altar of Xom.
  6285 | D:7      | Found a basalt altar of Yredelemnul.
  6320 | D:7      | Reached skill level 3 in Fire Magic
  6411 | D:7      | Reached skill level 9 in Dodging
  7009 | D:8      | Reached * piety under Sif Muna
  7030 | D:8      | Found a shadowy altar of Dithmenos.
  7180 | D:8      | Reached skill level 8 in Spellcasting
  7204 | D:8      | Reached skill level 6 in Hexes
  7297 | D:8      | Reached skill level 1 in Air Magic
  7297 | D:8      | Reached XP level 10. HP: 47/50 MP: 17/24
  7325 | D:8      | Identified the ring of the Unstoppable Eyes {EV+5 Dex+4}
  7350 | D:8      | Reached skill level 4 in Fire Magic
  7655 | D:9      | Reached skill level 1 in Invocations
  7787 | D:5      | Bought a +1 helmet of fire resistance for 247 gold pieces
  7876 | D:2      | Killed Crazy Yiuf
  8072 | D:9      | Found a stormy altar of Qazlal.
  8214 | D:9      | Reached skill level 2 in Invocations
  8229 | D:9      | Reached ** piety under Sif Muna
  8243 | D:9      | Reached skill level 7 in Stealth
  8298 | D:9      | Reached skill level 2 in Air Magic
  8383 | D:9      | Found a staircase to the Orcish Mines.
  8788 | D:9      | Found a blossoming altar of Fedhas.
  8905 | D:9      | Learned a level 4 spell: Sticky Flame
  8991 | D:10     | Entered Level 10 of the Dungeon
  9084 | D:10     | Reached skill level 10 in Dodging
  9121 | D:10     | Reached skill level 3 in Invocations
  9246 | D:10     | Noticed Erolcha
  9253 | D:10     | Killed Erolcha
  9306 | D:10     | Reached skill level 4 in Invocations
  9442 | D:10     | Reached skill level 3 in Air Magic
 10076 | D:11     | Noticed a two-headed ogre
 10447 | D:11     | Noticed an oklob plant
 10482 | D:11     | Found a staircase to the Lair.
 10502 | D:11     | Killed an oklob plant
 10503 | D:11     | Reached skill level 11 in Dodging
 10503 | D:11     | Reached skill level 8 in Stealth
 10543 | D:11     | Reached *** piety under Sif Muna
 10544 | D:11     | Reached skill level 5 in Invocations
 10544 | D:11     | Reached XP level 11. HP: 54/54 MP: 19/25
 10562 | D:11     | Killed a two-headed ogre
 10563 | D:11     | Reached skill level 7 in Hexes
 10801 | D:11     | Reached skill level 9 in Conjurations
 10864 | D:11     | Noticed Fannar
 10931 | D:11     | Killed Fannar
 11384 | Lair:1   | Entered Level 1 of the Lair of Beasts
 11425 | Lair:1   | Reached skill level 6 in Invocations
 11427 | Lair:1   | Reached skill level 9 in Spellcasting
 11505 | Lair:1   | Reached skill level 8 in Hexes
 11524 | Lair:1   | Reached skill level 5 in Fire Magic
 11962 | Lair:1   | Reached skill level 12 in Dodging
 12355 | Lair:2   | Reached skill level 9 in Stealth
 12404 | Lair:2   | Reached skill level 9 in Hexes
 12404 | Lair:2   | Reached skill level 7 in Invocations
 12484 | Lair:2   | Reached XP level 12. HP: 59/59 MP: 20/27
 12574 | Lair:2   | Reached **** piety under Sif Muna
 12713 | Lair:2   | Learned a level 4 spell: Cause Fear
 12878 | Lair:2   | Reached skill level 10 in Hexes
 12878 | Lair:2   | Reached skill level 6 in Fire Magic
 12987 | Lair:2   | Reached skill level 10 in Spellcasting
 13073 | Lair:2   | Found a staircase to the Snake Pit.
 13078 | Lair:2   | Found a staircase to the Swamp.
 13584 | D:6      | Reached skill level 13 in Dodging
 13584 | D:6      | Reached skill level 10 in Conjurations
 13584 | D:6      | Killed Orangeyouglad's ghost
 13769 | Orc:1    | Entered Level 1 of the Orcish Mines
 14025 | Swamp:1  | Entered Level 1 of the Swamp
 14137 | Swamp:1  | Noticed a bunyip
 14218 | Swamp:1  | Noticed an eight-headed hydra
 14447 | Lair:2   | Killed a bunyip
 14495 | Lair:2   | Killed an eight-headed hydra
 14496 | Lair:2   | Reached skill level 10 in Stealth
 14496 | Lair:2   | Reached skill level 7 in Fire Magic
 14559 | Snake:1  | Entered Level 1 of the Snake Pit
 14569 | Snake:1  | Noticed Mlioglotl
 14571 | Snake:1  | Noticed an anaconda
 14603 | Swamp:1  | Reached ***** piety under Sif Muna
 14611 | Swamp:1  | Noticed an alligator
 14636 | Lair:2   | Killed an alligator
 14637 | Lair:2   | Reached skill level 4 in Air Magic
 14724 | Lair:2   | Learned a level 5 spell: Arcjolt
 14874 | D:12     | Noticed Azrael
 14880 | D:12     | HP: 4/59 [Azrael/damnation (33)]
 14882 | D:12     | Killed from afar by Azrael

Vanquished Creatures
  A bunyip (Lair:2)
  Fannar (D:11)
  Erolcha (D:10)
  An alligator (Lair:2)
  A two-headed ogre (D:11)
  2 spriggan druids
  Pikel (D:6)
  An oklob plant (D:11)
  A cyclops (D:11)
  A manticore (D:11)
  6 elephants (Lair:1)
  The ghost of Orangeyouglad the Trooper, a novice HuMo of Zin (D:6)
  3 cane toads
  An unseen horror (D:11)
  A rime drake (Lair:2)
  5 komodo dragons
  A troll (D:11)
  A tyrant leech (Swamp:1)
  9 blink frogs
  2 hornets (Swamp:1)
  2 spriggans (Swamp:1)
  A shadow (D:11)
  2 wraiths (D:10)
  5 wyverns
  A fire elemental (D:12)
  22 yaks
  A basilisk (Lair:2)
  Menkaure (D:7)
  A swamp worm (Swamp:1)
  A naga (Snake:1)
  4 water moccasins
  2 acid dragons
  2 hell hounds (D:12)
  A swamp drake (Swamp:1)
  3 ice beasts
  A sky beast (D:7)
  A black bear (D:4)
  7 orc warriors
  A hornet zombie (D:7)
  3 ogres
  5 wolves (Lair:1)
  3 lemures (D:7)
  8 centaurs
  4 necrophages
  9 bullfrogs
  2 gnoll sergeants (D:11)
  3 scorpions
  A wyvern zombie (D:7)
  9 wights
  11 killer bees
  5 howler monkeys
  3 centaur zombies (D:7)
  5 quasits (D:6)
  A bullfrog zombie (D:7)
  3 jellies
  3 hounds
  A human zombie (D:7)
  9 orc priests
  Crazy Yiuf (D:2)
  An iguana (D:6)
  11 orc wizards
  A hound skeleton (D:6)
  9 gnolls (D:11)
  2 howler monkey zombies (D:7)
  7 adders
  2 ufetubi
  2 worms
  4 dart slugs
  50 orcs
  10 ball pythons
  4 bats
  8 endoplasms
  2 giant cockroaches
  10 goblins
  5 hobgoblins
  A jackal (D:1)
  7 kobolds
  7 quokkas
  4 frilled lizards
  6 rats
  2 fulminant prisms
344 creatures vanquished.

Vanquished Creatures (collateral kills)
  A hydra (Lair:2)
1 creature vanquished.

Vanquished Creatures (others)
  107 fulminant prisms
  13 fungi
  23 plants
143 creatures vanquished.

Grand Total: 488 creatures vanquished

Table legend: (Time is in decaauts)
 A = Elapsed time spent in this place.
 B = Non-inter-level travel time spent in this place.
 C = Inter-level travel time spent in this place.
 D = Time resting spent in this place.
 E = Time spent auto-exploring this place.
 F = Levels seen in this place.
 G = Mean time per level.
                   A        B        C        D        E       F      G
               +--------+--------+--------+--------+--------+-----+--------+
         Total |  14928 |  13179 |   1749 |   1635 |   8273 |  19 |  785.7 |
       Dungeon |  12018 |  10602 |   1416 |    956 |   7262 |  12 | 1001.5 |
        Temple |     47 |     38 |      9 |      0 |      6 |   1 |   47.0 |
          Lair |   2756 |   2432 |    324 |    676 |   1002 |   3 |  918.7 |
         Swamp |     73 |     73 |      0 |      3 |      2 |   1 |   73.0 |
     Snake Pit |     20 |     20 |      0 |      0 |      0 |   1 |   20.0 |
  Orcish Mines |     11 |     11 |      0 |      0 |      0 |   1 |   11.0 |
               +--------+--------+--------+--------+--------+-----+--------+

Top non-repeatable levels by time:
     D:7: 1586 daAuts
  Lair:2: 1581 daAuts
     D:9: 1533 daAuts
    D:11: 1341 daAuts
     D:6: 1290 daAuts
  Lair:1: 1170 daAuts
    D:10: 1153 daAuts
     D:4: 1115 daAuts
     D:8: 893 daAuts
     D:2: 881 daAuts
     D:1: 818 daAuts
     D:3: 740 daAuts
     D:5: 643 daAuts
 Swamp:1: 73 daAuts
  Temple: 47 daAuts

Table legend:
 A = Non-vault XP
 B = Vault XP
 C = Vault XP percentage of total XP
 D = Non-vault monster count
 E = Vault monster count
 F = Vault count percentage of total count
                 A         B        C        D         E       F
            +---------+---------+-------+---------+---------+-------
      Total |   28483 |    8854 |  23.7 |     262 |      78 |  22.9
            +---------+---------+-------+---------+---------+-------
        D:1 |      36 |       3 |   7.7 |      21 |       2 |   8.7
        D:2 |      86 |      44 |  33.8 |      26 |       4 |  13.3
        D:3 |     213 |       0 |   0.0 |      16 |       0 |   0.0
        D:4 |     339 |       0 |   0.0 |      12 |       0 |   0.0
        D:5 |     420 |       0 |   0.0 |       9 |       0 |   0.0
        D:6 |     827 |    1400 |  62.9 |      11 |      10 |  47.6
        D:7 |    1177 |     882 |  42.8 |      25 |      13 |  34.2
        D:8 |    1122 |       0 |   0.0 |      16 |       0 |   0.0
        D:9 |    1073 |     579 |  35.0 |      18 |      32 |  64.0
       D:10 |    1365 |     854 |  38.5 |      13 |       1 |   7.1
       D:11 |    3675 |    1453 |  28.3 |      25 |       2 |   7.4
       D:12 |       0 |     494 | 100.0 |       0 |       3 | 100.0
     Lair:1 |    5260 |     289 |   5.2 |      20 |       1 |   4.8
     Lair:2 |   10100 |    2856 |  22.0 |      35 |      10 |  22.2
    Swamp:1 |    2296 |       0 |   0.0 |       8 |       0 |   0.0
    Snake:1 |     163 |       0 |   0.0 |       1 |       0 |   0.0
      Orc:1 |     331 |       0 |   0.0 |       6 |       0 |   0.0
            +---------+---------+-------+---------+---------+-------
